 Dungeon Crawl Stone Soup version 0.12.2-12-gd1dd697 (webtiles) character file.

1797 Gabry the Shield-Bearer (level 8, 0/68 HPs)
             Began as a Minotaur Fighter on July 23, 2013.
             Was a Follower of Okawaru.
             Succumbed to a killer bee's poison
             ... on Level 9 of the Dungeon.
             The game lasted 00:59:11 (6610 turns).

Gabry the Shield-Bearer (Minotaur Fighter)          Turns: 6610, Time: 00:59:11

HP   0/68        AC 18     Str 26      XL: 8   Next: 55%
MP   2/2         EV  4     Int  5      God: Okawaru [*.....]
Gold 262         SH 23     Dex 12      Spells:  0 memorised,  7 levels left

Res.Fire  : . . .   See Invis. : .   q - +1,+2 dagger (protect)
Res.Cold  : . . .   Warding    : .   z - +0 orc plate armour
Life Prot.: . . .   Conserve   : .   r - +0 orc shield
Res.Poison: .       Res.Corr.  : .   (helmet restricted)
Res.Elec. : .       Clarity    : .   (no cloak)
Sust.Abil.: . .     Spirit.Shd : .   (no gloves)
Res.Mut.  : .       Stasis     : .   (no boots)
Res.Rott. : .       Ctrl.Telep.: .   (no amulet)
Saprovore : . . .   Flight     : .   (no ring)
                                     (no ring)

@: mighty, mildly poisoned, slightly resistant to hostile enchantments,
extremely unstealthy
A: retaliatory headbutt, horns 2
a: Heroism, Renounce Religion


You were on level 9 of the Dungeon.
You worshipped Okawaru.
Okawaru was pleased with you.
You were not hungry.

You visited 2 branches of the dungeon, and saw 10 of its levels.

You collected 242 gold pieces.

Inventory:

Hand weapons
 a - a +0,+0 mace
 f - a +0,+0 orcish dagger
 g - a +0,+1 orcish dire flail
 h - a +1,+1 dagger of chaos
 j - a +0,+1 dagger of protection (quivered)
 q - a +1,+2 dagger of protection (weapon)
 u - a +2,+1 great mace of crushing
Armour
 k - a +0 shield
 r - a +0 orcish shield (worn)
 z - a +0 orcish plate armour (worn)
Comestibles
 d - 4 bread rations
 l - a meat ration
Scrolls
 m - 4 scrolls of remove curse
 p - a scroll of recharging
Potions
 b - a potion of poison {unknown}
 c - a potion of berserk rage {unknown}
 e - a potion of slowing {unknown}
 i - a potion of magic
 t - a potion of confusion {unknown}
 w - a potion of cure mutation {unknown}
Magical staves
 n - an uncursed staff of wizardry {unknown}


   Skills:
 + Level 5.0 Fighting
 * Level 4.4 Short Blades
 - Level 2.7 Maces & Flails
 + Level 6.6 Armour
 + Level 4.3 Dodging
 + Level 0.8 Stealth
 + Level 7.7 Shields
 + Level 1.2 Traps


You had 7 spell levels left.
You didn't know any spells.

Dungeon Overview and Level Annotations

Branches:
Dungeon (9/27)             Temple (1/1) D:6
    Orc: D:6-11        Lair: D:8-13

Altars:
Ashenzari
Cheibriados
Elyvilon
Fedhas
Kikubaaqudgha
Makhleb
Nemelex Xobeh
Okawaru
Sif Muna
Trog
Vehumet
Xom
Yredelemnul
Zin
the Shining One


Innate Abilities, Weirdness & Mutations

You reflexively headbutt those who attack you in melee.
You have a pair of horns on your head.


Message History

You block the giant frog skeleton's attack.
The killer bee stings you but does no damage.
The killer bee stings you!
* * * LOW HITPOINT WARNING * * *
You are poisoned.
The killer bee poisons you! The killer bee stings you.
* * * LOW HITPOINT WARNING * * *
You are more poisoned.
The killer bee poisons you!
The killer bee stings you but does no damage.
You climb downwards.
A giant frog comes into view.
* * * LOW HITPOINT WARNING * * *
You feel sick.
You feel a little better.
The giant frog gives a loud, deep croak!
There is a stone staircase leading up here.
Drink which item? (? for menu, Esc to quit)
You feel very mighty all of a sudden.
You die...

###########
#..........
#...k.......
#.k@........
#...k.......
#..........
#..........
#......####
#......#
#......#
#......# ..F


You could see a giant frog and 3 killer bees.

Vanquished Creatures
  2 sky beasts
  An ice beast (D:6)
  An orc warrior (D:5)
  2 ogres (D:6)
  A water moccasin (D:6)
  3 giant frogs
  A goliath beetle (D:6)
  7 crimson imps
  An orc priest (D:6)
  2 hounds
  An iguana (D:5)
  2 worker ants
  A jelly (D:5)
  5 orc wizards
  5 adders
  A gnoll (D:6)
  An inept feature mimic (D:6)
  A giant mite (D:6)
  2 worms
  2 giant geckos
  16 orcs
  3 ball pythons
  2 giant cockroaches
  11 hobgoblins
  10 jackals
  16 kobolds
  2 quokkas
  8 bats
  2 giant newts
  9 goblins
  An orc skeleton (D:6)
  An orc zombie (D:5)
  15 rats
  A rat skeleton (D:5)
139 creatures vanquished.

Vanquished Creatures (others)
  2 gnolls (D:6)
2 creatures vanquished.

Grand Total: 141 creatures vanquished

Notes
Turn   | Place    | Note
--------------------------------------------------------------
     0 | D:1      | Gabry, the Minotaur Fighter, began the quest for the Orb.
     0 | D:1      | Reached XP level 1. HP: 19/19 MP: 0/0
   108 | D:1      | Reached skill level 4 in Fighting
   156 | D:1      | Reached XP level 2. HP: 22/27 MP: 0/0
   468 | D:2      | Found a basalt altar of Yredelemnul.
   841 | D:2      | Reached XP level 3. HP: 28/33 MP: 1/1
   862 | D:2      | Reached skill level 1 in Dodging
  1577 | D:3      | Reached XP level 4. HP: 33/40 MP: 1/1
  2143 | D:4      | Reached XP level 5. HP: 20/46 MP: 1/1
  2500 | D:4      | Reached skill level 5 in Armour
  2500 | D:4      | Reached skill level 5 in Shields
  2757 | D:5      | Entered Level 5 of the Dungeon
  2759 | D:5      | Noticed an orc warrior
  2785 | D:5      | Killed an orc warrior
  2785 | D:5      | Reached skill level 1 in Short Blades
  2785 | D:5      | Reached XP level 6. HP: 16/53 MP: 2/2
  3079 | D:5      | Noticed an ogre
  3846 | D:5      | Noticed a sky beast
  3881 | D:5      | Killed a sky beast
  3881 | D:5      | Reached skill level 6 in Armour
  3881 | D:5      | Reached XP level 7. HP: 51/59 MP: 2/2
  3955 | D:5      | Found a shimmering altar of Xom.
  4767 | D:6      | Reached skill level 7 in Shields
  4921 | D:6      | Reached skill level 1 in Traps
  4921 | D:6      | Reached XP level 8. HP: 64/67 MP: 2/2
  5066 | D:6      | Found a staircase to the Ecumenical Temple.
  5116 | Temple   | Entered the Ecumenical Temple
  5289 | Temple   | Became a worshipper of Warmaster Okawaru
  6014 | D:6      | Paralysed by a potion of paralysis for 2 turns
  6479 | D:7      | Acquired Okawaru's first power
  6526 | D:7      | Reached skill level 5 in Fighting
  6608 | D:8      | HP: 2/68 [killer bee (5)]
  6610 | D:9      | Succumbed to a killer bee's poison

Action                   |  1- 3 |  4- 6 |  7- 9 || total
-------------------------+-------+-------+-------++-------
Melee: Mace              |   110 |    62 |       ||   172
       Dagger            |       |   207 |   416 ||   623
  Use: Scroll            |    12 |     7 |     3 ||    22
       Potion            |     2 |     2 |     5 ||     9
